 Dungeon Crawl Stone Soup version 0.24-a0-445-gd5110b030a (webtiles) character file.

Game seed: 4108978489957813057

28 HAL9000 the Ruffian (level 2, -1/23 HPs)
             Began as a Draconian Transmuter on June 22, 2019.
             Succumbed to a kobold's poison
             ... on level 2 of the Dungeon.
             The game lasted 00:01:38 (1107 turns).

HAL9000 the Ruffian (Draconian Transmuter)          Turns: 1107, Time: 00:01:39

Health: -1/23      AC:  4    Str: 12    XL:     2   Next: 96%
Magic:  5/5        EV: 12    Int: 13    God:
Gold:   67         SH:  0    Dex: 11    Spells: 4/5 levels left

rFire    . . .     SeeInvis .     - Unarmed
rCold    . . .     Gourm    .   (no shield)
rNeg     . . .     Faith    .   (armour unavailable)
rPois    .         Spirit   .   (helmet restricted)
rElec    .         Reflect  .   (no cloak)
rCorr    .         Harm     .   (no gloves)
MR       .....                  (boots currently unavailable)
Stlth    +.........             (no amulet)
HPRegen  0.07/turn              (no ring)
MPRegen  0.09/turn              (no ring)

@: lethally poisoned (-1 -> -40), appendage (expiring)
A: unfitting armour, talons 3, cold-blooded, AC +4
a: End Transformation


You were on level 2 of the Dungeon.
You were not hungry.
You had grown temporary talons.
You visited 1 branch of the dungeon, and saw 2 of its levels.

You collected 67 gold pieces.

Inventory:

Missiles
 a - 12 arrows
Scrolls
 b - a scroll of immolation {unknown}
 f - a scroll of random uselessness {unknown}
 h - a scroll of enchant weapon {unknown}
 i - a scroll of teleportation {unknown}
Potions
 d - a potion of might {unknown}
 e - a potion of magic {unknown}
 g - a potion of curing {unknown}
Comestibles
 c - a ration


   Skills:
 + Level 1.1 Fighting
 + Level 2.0 Dodging
 + Level 0.4 Stealth
 * Level 3.9 Unarmed Combat
 + Level 2.0 Spellcasting
 + Level 2.1 Transmutations


You had 4 spell levels left.
You knew the following spells:

 Your Spells              Type           Power        Failure   Level  Hunger
a - Beastly Appendage     Tmut           #.....       11%         1    ##.....

Your spell library contained the following spells:

 Spells                   Type           Power        Failure   Level  Hunger
 Sticks to Snakes         Tmut           #.......     16%         2    ###....
 Spider Form              Tmut/Pois      #.........   45%         3    ####...
 Ice Form                 Ice/Tmut       #.......     86%         4    #####..
 Blade Hands              Tmut           #.........   96%         5    ######.


Dungeon Overview and Level Annotations

Branches:
Dungeon (2/15)

Altars:


Innate Abilities, Weirdness & Mutations

Your plain brown scales are hard. (AC +4)
You cannot fit into any form of body armour.
You are cold-blooded and may be slowed by cold attacks.
You have claws for feet.


Message History

Your tail-slap misses the kobold.
The kobold is moderately wounded.
You feel sick. The rat bites you but does no damage.
The kobold hits you with a +0 short sword of venom.
You are more poisoned.
You barely miss the kobold.
The kobold is moderately wounded.
You feel sick. The rat misses you.
The kobold hits you with a +0 short sword of venom!
* * * LOW HITPOINT WARNING * * *
You are more poisoned.
You are too injured to fight recklessly!
You are too injured to fight recklessly!
You are too injured to fight recklessly!
Unknown command.
* * * LOW HITPOINT WARNING * * *
You feel very sick. The hobgoblin hits you with a +0 club.
* * * LOW HITPOINT WARNING * * *
You die...

#.........#..........
#.############...####
#.# #.####### #.#
#... #.# #..# #.#
##..# #.# ##rK#
#.###.g## #..#@?.#
##...#...# ##..##..#
##..##..# ##..##...
#..##.## #.$### #.g#
#.l


You could see a hobgoblin, a kobold and a rat.

Vanquished Creatures
  2 dart slugs (D:1)
  A ball python (D:2)
  A bat (D:1)
  2 giant cockroaches (D:1)
  3 goblins (D:1)
  4 hobgoblins
  3 kobolds (D:1)
  A quokka (D:2)
  3 frilled lizards
20 creatures vanquished.

Notes
Turn   | Place    | Note
-------+----------+-------------------------------------------
     0 | D:1      | HAL9000 the Draconian Transmuter began the quest for the
                  | Orb.
     0 | D:1      | Reached XP level 1. HP: 16/16 MP: 3/3
    90 | D:1      | Reached XP level 2. HP: 13/23 MP: 5/5
  1107 | D:2      | Succumbed to a kobold's poison

Levels and vault maps discovered:
D:1:      saegor_arrival_simple_d, layout_basic, hangedman_decor_push,
          minmay_tetromino_s4
D:2:      minmay_alternating_diamond, layout_basic

Skill      XL: |  1  2 |
---------------+-------+-----
Dodging        | 2 |  2.0
Fighting       | |  1.1
Stealth        | |  0.4
Unarmed Combat | |  3.9
Spellcasting   | |  2.0
Transmutations | |  2.1

Action                   || total
-------------------------++-------
Melee: Unarmed           ||    57
       Tailslap          ||     2
       Punch             ||     1
       Headbutt          ||     4
       Kick              ||     1
 Cast: Beastly Appendage ||    10
 Stab: Sleeping          ||     2
  Eat: Chunk             ||     1
Armor: Skin              ||    17
Dodge: Dodged            ||    23

Table legend:
 A = Non-vault XP
 B = Vault XP
 C = Vault XP percentage of total XP
 D = Non-vault monster count
 E = Vault monster count
 F = Vault count percentage of total count
                 A         B        C        D         E       F
            +---------+---------+-------+---------+---------+-------
      Total |      37 |       3 |   7.5 |      18 |       2 |  10.0
            +---------+---------+-------+---------+---------+-------
        D:1 |      30 |       3 |   9.1 |      14 |       2 |  12.5
        D:2 |       7 |       0 |   0.0 |       4 |       0 |   0.0
            +---------+---------+-------+---------+---------+-------
